 Dungeon Crawl Stone Soup version 0.25.1-2-g60ff931df9 (webtiles) character file.

Game seed: 13444844347350533733

9653 Chimkentus the Jinx (level 11, 0/75 HPs)
             Began as an Octopode Arcane Marksman on Aug 12, 2020.
             Was a Believer of Ru.
             Slain by a flying skull (6 damage)
             ... on level 1 of the Abyss on Aug 13, 2020.
             The game lasted 02:03:42 (15981 turns).

Chimkentus the Jinx (Octopode Arcane Marksman)     Turns: 15981, Time: 02:03:43

Health: 0/75       AC:  1    Str: 11 (14) XL:     11   Next: 49%
Magic:  8/18       EV: 16    Int: 13 (15) God:    Ru [**....]
Gold:   799        SH:  0    Dex: 11 (14) Spells: 1/20 levels left

rFire    . . .     SeeInvis .   z - +6 hand axe "Undertaker" {vamp, rF+}
rCold    + . .     Gourm    .   (no shield)
rNeg     . . .     Faith    .   (helmet restricted)
rPois    .         Spirit   .   (no amulet)
rElec    .         Reflect  .   t - ring of ice
rCorr    .         Harm     .   (no ring)
MR       .....                  (no ring)
Stlth    ++++......             (no ring)
HPRegen  0.22/turn              (no ring)
MPRegen  0.16/turn              (no ring)
                                (no ring)
                                (no ring)

@: no status effects
A: almost no armour, stealthy swim, amphibious, 8 rings, constrict 8, antennae
1, camouflage 1, screaming 1, strong 1, gelatinous body 1, inability to use
devices
a: Renounce Religion


You were on level 1 of the Abyss.
You worshipped Ru.
Ru was pleased with you.
You were not hungry.

You visited 2 branches of the dungeon, and saw 11 of its levels.
You visited the Abyss 1 time.
You also visited: Sewer and Ossuary.

You collected 799 gold pieces.

Inventory:

Hand Weapons
 c - a +3 dagger
 g - a +2 short sword of venom
 i - a +0 rapier
 n - a +0 spear
 q - a +1 dagger of holy wrath
 u - a cursed -2 hand axe
 x - a +0 vorpal mace
 z - the +6 hand axe "Undertaker" (weapon) {vamp, rF+}
   (You found it on level 6 of the Dungeon)

   It inflicts no extra harm, but heals its wielder when it wounds a living foe.
   It protects you from fire.
 A - a +0 dagger of flaming
 D - a +2 whip of flaming
 E - a +1 scimitar of draining
 J - a cursed +4 flail of freezing
 L - a +2 short sword of electrocution
 M - a +4 scimitar
 N - a +0 hunting sling
 Q - a +0 whip of freezing
 T - a +4 short sword of draining
 U - a +3 fustibalus
Missiles
 a - 128 arrows
 j - 105 bolts
 l - 397 stones
 v - 111 sling bullets
 w - 12 poisoned darts
 O - 5 boomerangs
 S - 6 datura-tipped darts (quivered)
 X - a throwing net
 Y - 2 javelins
Jewellery
 t - a ring of ice (left tentacle)
Wands
 P - a wand of flame (12)
Scrolls
 b - 2 scrolls of immolation
 e - a scroll of silence {unknown}
 k - 3 scrolls of enchant armour
 r - a scroll of magic mapping
 y - 2 scrolls of amnesia
 C - 6 scrolls of teleportation
 F - 7 scrolls of remove curse
 I - a scroll of fog {unknown}
 R - a scroll of vulnerability {unknown}
 V - a scroll of acquirement {unknown}
Potions
 f - 3 potions of flight
 h - 5 potions of haste
 m - a potion of lignification
 o - 4 potions of brilliance
 p - 3 potions of stabbing
 s - 2 potions of resistance
 G - a potion of curing
 H - 2 potions of mutation
Comestibles
 d - 22 rations


   Skills:
 * Level 7.3 Fighting
 + Level 4.0 Short Blades
 + Level 5.1(5.6) Axes
 + Level 3.4(4.8) Maces & Flails
 + Level 5.6 Throwing
 * Level 7.1 Dodging
 + Level 7.3 Stealth
 + Level 5.2 Spellcasting
 * Level 8.7 Hexes


You had one spell level left.
You knew the following spells:

 Your Spells              Type           Power        Failure   Level  Hunger
a - Corona                Hex            ####...      1%          1    None
b - Slow                  Hex            ####....     1%          2    ##.....
c - Inner Flame           Hex/Fire       ##......     9%          3    ###....
d - Portal Projectile     Hex/Tloc       ##....       9%          3    ###....
e - Cause Fear            Hex            ####......   4%          4    ####...
f - Leda's Liquefaction   Hex/Erth       ##........   30%         4    ####...
g - Animate Skeleton      Necr           N/A          19%         1    None
h - Beastly Appendage     Tmut           #.....       19%         1    None

Your spell library contained the following spells:

 Spells                   Type           Power        Failure   Level  Hunger
 Pain                     Necr           #...         19%         1    None
 Sticks to Snakes         Tmut           #.......     28%         2    ##.....
 Vampiric Draining        Necr           #.........   47%         3    ###....
 Recall                   Summ/Tloc      N/A          50%         3    ###....
 Spider Form              Tmut/Pois      #.........   50%         3    ###....
 Summon Mana Viper        Hex/Summ       ##......     63%         5    ######.
 Animate Dead             Necr           N/A          87%         4    ####...
 Ice Form                 Ice/Tmut       #.......     88%         4    ####...
 Agony                    Necr           #.......     99%         5    ######.
 Aura of Abjuration       Summ           #.........   99%         5    ######.
 Blade Hands              Tmut           #.........   99%         5    ######.
 Summon Demon             Summ           #.........   99%         5    ######.
 Summon Forest            Summ/Tloc      #.........   99%         5    ######.
 Shadow Creatures         Summ           N/A          100%        6    #######
 Chain Lightning          Conj/Air       #.........   100%        8    #######
 Lehudib's Crystal Spear  Conj/Erth      #.........   100%        8    #######
 Absolute Zero            Ice            #.........   100%        9    #######
 Fire Storm               Conj/Fire      #.........   100%        9    #######


Dungeon Overview and Level Annotations

Branches:
Dungeon (10/15)            Temple (1/1) D:7           Sewer (visited)
Ossuary (visited)
   Lair: D:8-11         Orc: D:9-12

Altars:
Ashenzari
Cheibriados
Dithmenos
Elyvilon
Fedhas
Gozag
Hepliaklqana
Kikubaaqudgha
Makhleb
Nemelex Xobeh
Okawaru
Qazlal
Ru
Sif Muna
Trog
Uskayaw
Vehumet
Wu Jian
Xom
Yredelemnul
Zin
The Shining One
Beogh

Shops:
D:5 *

Annotations:
D:9 Erolcha, Gastronok


Innate Abilities, Weirdness & Mutations

You cannot wear most types of armour.
You are very stealthy in the water. (Stealth+)
You are amphibious.
You can wear up to eight rings at the same time.
You can use your tentacles to constrict eight enemies at once.
Your skin changes colour to match your surroundings (Stealth+).
You occasionally shout uncontrollably at your foes.
Your rubbery body absorbs attacks. (AC +1, EV +1)
You cannot study or use magical devices.
You have a pair of small antennae on your head.
Your muscles are strong. (Str +2)


Message History

The flying skull hits you!
* * * LOW HITPOINT WARNING * * *
Unknown command.
It was a potion of degeneration.
There was something very wrong with that liquid.
You feel weakened.
You feel dopey.
You feel clumsy. The flying skull misses you.
An eye of draining and an ancient zyme come into view.
The flying skull misses you.
You feel yourself growing ill in the presence of the ancient zyme.
You see here 10 sling bullets.
The flying skull completely misses you. The flying skull barely misses you.
An efreet comes into view.
It is wielding a +1 scimitar of flaming.
A small abomination comes into view.
The flying skull hits you.
* * * LOW HITPOINT WARNING * * *
The flying skull closely misses you. The flying skull hits you.
You die...

#. ..#.# .(#..._#.
.## .
....#..#.#.#..... ..
..#....###.#####
.#...
#..##......#..#.
....
..##.#.##....#.# ..
#.#.....R.....# #..
##....#. ☼..... .##
#..##x#.#..####..#..
#..@z...#.## . . #
#..###.#.# . ... ###
....° #.#.#X{
...#.### ## #
.#.....# .#..#..
..###


You could see a small abomination and a flying skull.

Vanquished Creatures
  Harold (D:7)
  Pikel (D:8)
  A deep elf mage (D:9)
  Maggie (D:6)
  A troll (D:9)
  2 hippogriffs (D:9)
  A flying skull (Abyss:1)
  A ynoxinul (Abyss:1)
  A wyvern (D:8)
  A yak (D:8)
  Eustachio (D:5)
  A hungry ghost (D:8)
  Grum (D:8)
  A neqoxec (Abyss:1)
  Duvessa (D:6)
  2 water moccasins
  3 black bears
  8 orc warriors
  3 sky beasts
  3 phantoms
  5 ice beasts
  7 ogres
  3 centaurs
  3 wolves (D:8)
  2 bullfrogs
  Dowan (D:6)
  2 small abominations (Abyss:1)
  12 wights
  2 howler monkeys
  3 crimson imps
  A quasit (Abyss:1)
  2 bullfrog zombies
  4 centaur zombies
  A human zombie (Ossuary)
  2 iron imps (Abyss:1)
  3 orc priests
  A bullfrog skeleton (D:7)
  4 hounds
  13 orc wizards
  2 centaur skeletons
  2 iguanas (D:8)
  4 worker ants
  A killer bee zombie (D:6)
  A big kobold zombie (Ossuary)
  3 ogre zombies (Ossuary)
  A hound zombie (D:9)
  A hound skeleton (D:4)
  7 mummies (Ossuary)
  4 gnolls (D:4)
  18 adders
  A shadow imp (D:5)
  An ufetubus (Abyss:1)
  An ooze (D:3)
  10 adder zombies
  2 adder skeletons
  5 worms
  2 dart slugs
  8 leopard geckos
  64 orcs
  12 bats
  4 giant cockroaches
  4 goblins (D:1)
  6 hobgoblins
  17 jackals
  A quokka (D:4)
  5 ball pythons (Sewer)
  5 frilled lizards
  A gnoll zombie (Ossuary)
  A goblin zombie (Ossuary)
  3 hobgoblin zombies (Ossuary)
  A jackal skeleton (D:4)
  9 kobolds
  2 kobold zombies (Ossuary)
  4 quokka zombies (Ossuary)
  9 rats
  4 rat zombies (Ossuary)
  A lurking horror (Abyss:1)
  3 plants (Sewer)
336 creatures vanquished.

Vanquished Creatures (collateral kills)
  An eye of draining (D:9)
  A gnoll (D:4)
  2 orcs
4 creatures vanquished.

Vanquished Creatures (others)
  An orc priest (D:9)
  A gnoll (D:4)
  A leopard gecko (D:4)
  A plant (Sewer)
4 creatures vanquished.

Grand Total: 344 creatures vanquished

Notes
Turn   | Place    | Note
-------+----------+-------------------------------------------
     0 | D:1      | Chimkentus the Octopode Arcane Marksman began the quest for
                  | the Orb.
     0 | D:1      | Reached XP level 1. HP: 13/13 MP: 2/2
   138 | D:1      | Reached XP level 2. HP: 18/18 MP: 3/3
   142 | D:1      | Learned a level 2 spell: Slow
  1040 | D:2      | Reached skill level 1 in Stealth
  1106 | D:2      | Reached XP level 3. HP: 23/23 MP: 4/4
  1951 | D:3      | Reached XP level 4. HP: 19/29 MP: 5/5
  3934 | D:4      | Reached skill level 1 in Short Blades
  3934 | D:4      | Reached XP level 5. HP: 34/34 MP: 7/7
  4061 | D:4      | Found a glowing drain.
  4066 | Sewer    | Entered a sewer
  5106 | D:4      | Reached skill level 4 in Hexes
  5128 | D:4      | Reached XP level 6. HP: 32/39 MP: 8/8
  5133 | D:4      | Learned a level 3 spell: Inner Flame
  5384 | D:4      | Noticed an ice beast
  5399 | D:4      | Killed an ice beast
  5399 | D:4      | Reached skill level 1 in Maces & Flails
  5697 | D:4      | Reached XP level 7. HP: 35/45 MP: 9/9
  6021 | D:4      | Reached skill level 5 in Hexes
  6298 | D:5      | Entered Level 5 of the Dungeon
  6350 | D:5      | Noticed Eustachio
  6511 | D:5      | Found Vofru's Lightly-Used Armoury.
  6607 | D:5      | Found an iron altar of Okawaru.
  6612 | D:5      | Killed Eustachio
  6665 | D:5      | Found a snail-covered altar of Cheibriados.
  6693 | D:5      | Learned a level 3 spell: Portal Projectile
  6738 | D:5      | Reached XP level 8. HP: 41/52 MP: 11/11
  7795 | D:6      | Found an ornate altar of the Wu Jian Council.
  8068 | D:6      | Got a warped hand axe
  8168 | D:6      | Noticed Maggie
  8175 | D:6      | Identified the +6 hand axe "Undertaker" {vamp, rF+} (You
                  | found it on level 6 of the Dungeon)
  8177 | D:6      | HP: 2/52 [Maggie/+1 scimitar of draining (9)]
  8179 | D:6      | Killed Maggie
  8179 | D:6      | Reached skill level 6 in Hexes
  8433 | D:6      | Noticed Duvessa
  8443 | D:6      | Noticed Dowan
  8458 | D:6      | Killed Duvessa
  8466 | D:6      | Killed Dowan
  8849 | D:7      | Reached XP level 9. HP: 37/58 MP: 13/13
  8880 | D:7      | Reached skill level 1 in Axes
  8932 | D:7      | Reached skill level 5 in Dodging
  8952 | D:7      | Found a sand-covered staircase.
  8957 | Ossuary  | Entered an ossuary
  9423 | Ossuary  | Reached skill level 5 in Stealth
  9940 | D:7      | Learned a level 4 spell: Cause Fear
  9952 | D:7      | Noticed Harold
  9963 | D:7      | Killed Harold
  9963 | D:7      | Reached skill level 7 in Hexes
 10088 | D:7      | Found a radiant altar of Vehumet.
 10092 | D:7      | Found an ancient bone altar of Kikubaaqudgha.
 10093 | D:7      | Found a shimmering blue altar of Sif Muna.
 10098 | D:7      | Identified Kikubaaqudgha's Catalogue of Dark Rituals
 10139 | D:7      | Found a stormy altar of Qazlal.
 10498 | D:7      | Reached skill level 5 in Fighting
 10563 | D:7      | Found a staircase to the Ecumenical Temple.
 10579 | Temple   | Entered the Ecumenical Temple
 10620 | Temple   | Became a worshipper of Ru the Awakened
 10653 | D:7      | Reached XP level 10. HP: 57/66 MP: 15/15
 11370 | D:8      | Noticed Grum
 11379 | D:8      | Killed Grum
 12368 | D:8      | Found a burning altar of Makhleb.
 12661 | D:8      | Gained mutation: You occasionally shout uncontrollably at
                  | your foes. [Ru sacrifice]
 12716 | D:8      | Noticed Pikel
 12732 | D:8      | Killed Pikel
 12916 | D:8      | Reached skill level 8 in Hexes
 13220 | D:8      | Found a roughly hewn altar of Beogh.
 13417 | D:9      | Noticed Erolcha
 13803 | D:9      | Reached XP level 11. HP: 41/74 MP: 17/17
 13863 | D:9      | Reached skill level 5 in Throwing
 14098 | D:10     | Entered Level 10 of the Dungeon
 14529 | D:9      | Noticed a deep elf mage
 14548 | D:9      | Killed a deep elf mage
 14548 | D:9      | Reached skill level 5 in Spellcasting
 14579 | D:9      | Found a shattered altar of Ashenzari.
 14663 | D:9      | Learned a level 4 spell: Leda's Liquefaction
 14665 | D:9      | Learned a level 1 spell: Animate Skeleton
 14731 | D:9      | Noticed Gastronok
 15001 | D:9      | Learned a level 1 spell: Beastly Appendage
 15249 | D:9      | Cast into level 1 of the Abyss (Erolcha)
 15379 | Abyss:1  | Gained mutation: You are clumsy. (Dex -2) [a neqoxec]
 15383 | Abyss:1  | Reached skill level 5 in Axes
 15413 | Abyss:1  | Gained mutation: You cannot study or use magical devices.
                  | [Ru sacrifice]
 15413 | Abyss:1  | Reached * piety under Ru
 15413 | Abyss:1  | Reached ** piety under Ru
 15490 | Abyss:1  | HP: 3/75 [ufetubus[a ynoxinul] (3)]
 15576 | Abyss:1  | Noticed a tentacled starspawn
 15745 | Abyss:1  | Found a corrupted altar of Lugonu.
 15782 | Abyss:1  | Noticed a bone dragon
 15793 | Abyss:1  | Noticed a tentacled starspawn
 15808 | Abyss:1  | Lost mutation: You are clumsy. (Dex -2) [potion of
                  | mutation]
 15808 | Abyss:1  | Gained mutation: Your muscles are strong. (Str +2) [potion
                  | of mutation]
 15808 | Abyss:1  | Gained mutation: You have a pair of small antennae on your
                  | head. [potion of mutation]
 15815 | Abyss:1  | Noticed a large abomination
 15946 | Abyss:1  | Noticed a starcursed mass
 15950 | Abyss:1  | Found a corrupted altar of Lugonu.
 15981 | Abyss:1  | Slain by a flying skull

Illustrated notes

Levels and vault maps discovered:
D:1:      dpeg_arrival_pits, layout_basic, minmay_bisected
D:2:      layout_rooms
D:3:      layout_basic, serial_forest, infiniplex_forest_fountain,
          infiniplex_forest_lined_4_way, infiniplex_forest_straight_2,
          infiniplex_forest_end_2, infiniplex_forest_straight_4,
          infiniplex_forest_clump_large, infiniplex_forest_lined_3,
          infiniplex_forest_clump_tiny
D:4:      minmay_clustersquares, layout_basic, portal_sewer_entry_e,
          minmay_pentomino_pile
D:5:      layout_gridville, kennysheep_slug_shrine, okawaru_metal_pillars_3,
          first_ration, abandoned_shop, kennysheep_another_room,
          grunt_decor_cap, minmay_shop_damaged, roderic_roman_lattice,
          uniq_eustachio
D:6:      layout_cave_pods, kennysheep_mini, serial_rivers,
          chequers_serial_rivers_large_b, chequers_serial_rivers_micro_d,
          chequers_serial_rivers_marsh, chequers_serial_rivers_small_a,
          uniq_maggie, uniq_duvessa
D:7:      layout_loops_corners, grunt_temple_overflow_magic_moments,
          nicolae_overflow_hidden_temple, minmay_temple_entry_offerings,
          nicolae_ossuary_entry_false_entrances, uniq_harold
D:8:      layout_loops_ring, lemuel_doored_altar, special_room
          [special_room_orc], kennysheep_crisscross, uniq_pikel, uniq_grum
D:9:      minmay_blocky_corners, layout_rooms, lemuel_crystal_altar,
          uniq_erolcha, uniq_gastronok
D:10:     layout_long_grid, serial_shops, shop
Temple:   nicolae_temple_god_jail
Abyss:1:  base: Temple, minivault_25, hangedman_abyss_or_decor_stabs,
          minivault_26

Skill      XL: |  1  2  3  4  5  6  7  8  9 10 11 |
---------------+----------------------------------+-----
Stealth        | 1 2 3 4 6 7 |  7.3
Fighting       | 2 3 4 5 6 7 |  7.3
Short Blades   | 1 2 4 |  4.0
Dodging        | 3 4 5 6 7 |  7.1
Hexes          | 4 5 6 7 8 |  8.7
Maces & Flails | 1 2 3 |  3.4
Spellcasting   | 2 3 4 5 |  5.2
Throwing       | 3 4 5 |  5.6
Axes           | 2 4 5 |  5.1

Action                   |  1- 3 |  4- 6 |  7- 9 | 10-12 || total
-------------------------+-------+-------+-------+-------++-------
Melee: Unarmed           |     5 |       |       |       ||     5
       Constrict         |    23 |    35 |    54 |    64 ||   176
       Whip              |    57 |    32 |    66 |       ||   155
       Tentacles         |    13 |    43 |    56 |    81 ||   193
       Dagger            |    19 |   187 |   167 |       ||   373
       Hand axe          |       |       |    73 |   361 ||   434
       Short sword       |       |       |       |     5 ||     5
Throw: Javelin           |    17 |    10 |    15 |    12 ||    54
       Throwing net      |     2 |     2 |     3 |     3 ||    10
       Dart              |       |    23 |    23 |    84 ||   130
       Boomerang         |       |     9 |    23 |    67 ||    99
       Stone             |       |       |     5 |     1 ||     6
 Cast: Corona            |     4 |    13 |    27 |    40 ||    84
       Slow              |     2 |    10 |    29 |    48 ||    89
       Cause Fear        |       |       |       |    10 ||    10
       Animate Skeleton  |       |       |       |     3 ||     3
       Inner Flame       |       |       |       |     3 ||     3
       Beastly Appendage |       |       |       |     1 ||     1
Invok: Sacrifice Purity  |       |       |       |     1 ||     1
       Sacrifice Artific |       |       |       |     1 ||     1
Evoke: Wand              |       |     4 |       |     3 ||     7
  Use: Scroll            |       |     9 |     2 |    10 ||    21
       Potion            |       |     2 |     6 |    12 ||    20
 Stab: Sleeping          |     7 |    15 |    25 |     7 ||    54
       Held in net/web   |       |       |     3 |     3 ||     6
       Paralysed         |       |       |       |     1 ||     1
  Eat: Chunk             |     4 |    13 |    11 |    17 ||    45
       Ration            |       |       |     2 |     1 ||     3
Armor: Skin              |    12 |     4 |    13 |    12 ||    41
Dodge: Dodged            |    64 |    96 |   175 |   258 ||   593
